 Dungeon Crawl Stone Soup version 0.28.0-53-g5a82cb258f (webtiles) character file.

Game seed: 4840236854502777084

1471 MisterFreud the Changer (level 8, -8/79 HPs)
             Began as a White Draconian Transmuter on July 13, 2022.
             Was a Believer of Uskayaw.
             Killed from afar by a steam dragon (24 damage)
             ... with a ball of steam
             ... on level 7 of the Dungeon.
             The game lasted 00:09:59 (7925 turns).

MisterFreud the Changer (DrTm)                      Turns: 7925, Time: 00:10:00

Health: -8/79      AC:  7    Str: 13    XL:     8   Next: 49%
Magic:  14/14      EV: 10    Int: 16    God:    Uskayaw [**....]
Gold:   295        SH:  0    Dex: 11    Spells: 6/15 levels left

rFire   x . .      SeeInvis .     - Unarmed
rCold   + + +      Faith    +   (shield currently unavailable)
rNeg    . . .      Spirit   .   (armour unavailable)
rPois   +          Reflect  .   (helmet currently unavailable)
rElec   .          Harm     .   (cloak currently unavailable)
rCorr   .          Rampage  .   (gloves currently unavailable)
Will    .....                   (boots currently unavailable)
Stlth   +.........              i - amulet of faith
HPRegen 0.23/turn               (no ring)
MPRegen 0.14/turn               (no ring)

@: ice-form (expiring)
A: freezing attack, amphibious, boosted hp, (breathe frost), AC +6, large,
unfitting armour, (cold resistance 1), (cold-blooded)
a: End Transformation, Renounce Religion, Stomp, Line Pass


You were on level 7 of the Dungeon.
You worshipped Uskayaw.
Uskayaw was noncommittal.
You were a creature of crystalline ice.
You visited 1 branch of the dungeon, and saw 7 of its levels.

You collected 295 gold pieces.

Inventory:

Missiles
 f - 7 curare-tipped darts
 q - 6 boomerangs
Jewellery
 i - an amulet of faith (around neck)
 j - an amulet of regeneration
 p - a ring of fire
Wands
 g - a wand of polymorph (6)
Scrolls
 c - a scroll of fear
 d - 5 scrolls of enchant weapon
 e - a scroll of teleportation
 l - a scroll of enchant armour
 m - a scroll of immolation
Potions
 a - 2 potions of cancellation
 b - 5 potions of mutation
 h - 4 potions of ambrosia
 k - a potion of haste
 n - 2 potions of heal wounds {unknown}
 o - 2 potions of curing {unknown}
 s - 3 potions of flight


   Skills:
 - Level 4.0 Fighting
 - Level 1.7 Dodging
 - Level 6.0 Unarmed Combat
 - Level 4.0 Spellcasting
 + Level 6.9 Transmutations
 - Level 4.0 Ice Magic


You had 6 spell levels left.
You knew the following spells:

 Your Spells              Type           Power      Damage    Failure   Level
a - Ice Form              Ice/Tmut       20%        N/A       19%         4
b - Wereblood             Tmut           25%        N/A       1%          2
c - Spider Form           Tmut/Pois      14%        N/A       12%         3

Your spell library contained the following spells:

 Spells                   Type           Power      Damage    Failure   Level
 Beastly Appendage        Tmut           50%        N/A       1%          1
 Freeze                   Ice            64%        1d8       3%          1
 Frozen Ramparts          Ice            32%        1d5       10%         3
 Blink                    Tloc           6%         N/A       26%         2
 Corpse Rot               Necr/Air       6%         N/A       26%         2
 Poisonous Vapours        Pois/Air       6%         N/A       26%         2
 Call Canine Familiar     Summ           3%         N/A       45%         3
 Confusing Touch          Hex            3%         N/A       45%         3
 Lesser Beckoning         Tloc           3%         N/A       45%         3
 Portal Projectile        Hex/Tloc       6%         N/A       45%         3
 Hailstorm                Conj/Ice       9%         3d4       58%         4
 Yara's Violent Unravell  Hex/Tmut       7%         3d5       75%         5
 Leda's Liquefaction      Hex/Erth       1%         N/A       86%         4
 Manifold Assault         Tloc           3%         N/A       99%         5
 Enfeeble                 Hex            1%         N/A       100%        7


Dungeon Overview and Level Annotations

Branches:
Dungeon (7/15)             Temple (0/1) D:6

Altars:
Ashenzari
Dithmenos
Uskayaw


Innate Abilities, Weirdness & Mutations

You are a creature of crystalline ice.
You have a powerful freezing melee attack.
You are amphibious.
Your maximum health is increased.
Your armour is entirely melded.
You are incapable of wielding weapons or throwing items.
((You can breathe waves of freezing cold which knock back foes.))
((Your icy white scales are hard. (AC +6)))
You cannot fit into any form of body armour.
((Your flesh is cold resistant. (rC+)))
((You are cold-blooded and may be slowed by cold attacks.))


Message History

The water moccasin is lightly wounded.
The steam dragon bites you. The steam dragon barely misses you.
You closely miss the water moccasin.
The water moccasin is lightly wounded.
The water moccasin bites you.
You punch the water moccasin!
The water moccasin seems to slow down.
You freeze the water moccasin!
The water moccasin is almost dead.
The steam dragon closely misses you. The steam dragon claws you.
The water moccasin bites you!
You can now pass through a line of other dancers.
You are too injured to fight recklessly!
You closely miss the water moccasin.
The water moccasin is almost dead.
The steam dragon bites you! The steam dragon barely misses you.
The water moccasin bites you but does no damage.
You closely miss the water moccasin.
The water moccasin is almost dead.
The steam dragon bites you.
* * * LOW HITPOINT WARNING * * *
The steam dragon claws you but does no damage.
The water moccasin bites you but does no damage.
You barely miss the water moccasin.
The water moccasin is almost dead.
Your transformation is almost over.
The steam dragon closely misses you.
The steam dragon claws you but does no damage.
The water moccasin bites you.
* * * LOW HITPOINT WARNING * * *
You barely miss the water moccasin.
The water moccasin is almost dead.
The steam dragon closely misses you. x2
The water moccasin bites you but does no damage.
Unknown command.
You punch the water moccasin!
The water moccasin seems to slow down.
You freeze the water moccasin.
You kill the water moccasin!
The steam dragon breathes steam at you. The ball of steam hits you!!
The steam scalds you terribly!
You die...

####.##.# #..#
#.##.# .#
#.##.####..#
#..........#
###.#.###.......
#.........#.....
#.........# ####
#...).....#
#.Y.......#
#.......D......#
#.####..!......#
#.........#
#.........#
#.........#
##.##.##.## #..
.# .#


You could see a steam dragon (catching breath).

Vanquished Creatures
  Edmund (D:4)
  A water moccasin (D:7)
  An ice beast (D:3)
  A sky beast (D:5)
  2 ogres
  A phantom (D:5)
  A kobold brigand (D:6)
  2 scorpions
  A water moccasin skeleton (D:6)
  A howler monkey (D:4)
  2 jellies
  2 orc priests
  2 bullfrog skeletons (D:6)
  A gnoll shaman (D:6)
  4 hounds
  An iguana (D:4)
  An orc wizard (D:6)
  A killer bee zombie (D:5)
  A hound zombie (D:5)
  A hound skeleton (D:3)
  7 gnolls
  6 adders
  A shadow imp (D:6)
  An ufetubus (D:5)
  A worm (D:3)
  A dart slug (D:1)
  9 orcs
  3 endoplasms
  5 giant cockroaches
  4 goblins
  11 hobgoblins
  4 jackals (D:1)
  13 kobolds
  3 quokkas
  11 ball pythons
  6 bats
  2 frilled lizards (D:1)
  2 rats
  A spectral goblin (D:1)
119 creatures vanquished.

Notes
Turn   | Place    | Note
-------+----------+-------------------------------------------
     0 | D:1      | MisterFreud the Draconian Transmuter began the quest for
                  | the Orb.
     0 | D:1      | Reached XP level 1. HP: 16/16 MP: 3/3
    63 | D:1      | Found a faded altar of an unknown god.
    72 | D:1      | Prayed at the altar of an unknown god.
    72 | D:1      | Became a worshipper of Uskayaw the Reveller
    72 | D:1      | Reached * piety under Uskayaw
   142 | D:1      | Reached ** piety under Uskayaw
   372 | D:1      | Reached XP level 2. HP: 17/23 MP: 5/5
  1187 | D:1      | Reached XP level 3. HP: 28/28 MP: 6/6
  1221 | D:1      | Learned a level 2 spell: Wereblood
  1225 | D:1      | Learned a level 3 spell: Spider Form
  1653 | D:2      | You fall into a shaft and drop 1 floor!
  1829 | D:3      | Found a broken altar of Ashenzari.
  1831 | D:3      | Found a shadowy altar of Dithmenos.
  2109 | D:2      | Reached XP level 4. HP: 35/35 MP: 7/7
  2707 | D:2      | Reached skill level 5 in Transmutations
  3208 | D:3      | Reached *** piety under Uskayaw
  3310 | D:3      | Reached XP level 5. HP: 40/40 MP: 4/8
  3630 | D:3      | Noticed an ice beast
  4200 | D:4      | Noticed Edmund
  4201 | D:4      | Reached XP level 6. HP: 29/51 MP: 5/9
  4334 | D:3      | Learned a level 4 spell: Ice Form
  4397 | D:4      | Killed Edmund
  4398 | D:4      | Reached skill level 1 in Ice Magic
  5044 | D:4      | Your scales start taking on an icy white colour.
  5044 | D:4      | Reached XP level 7. HP: 50/58 MP: 7/10
  5044 | D:4      | Gained mutation: Your flesh is cold resistant. (rC+) [White
                  | Draconian growth]
  5159 | D:5      | Entered Level 5 of the Dungeon
  5451 | D:5      | Reached skill level 5 in Unarmed Combat
  5988 | D:5      | Reached XP level 8. HP: 66/66 MP: 7/12
  6283 | D:5      | Reached **** piety under Uskayaw
  7583 | D:6      | Found a staircase to the Ecumenical Temple.
  7925 | D:7      | Killed from afar by a steam dragon

Illustrated notes

Levels and vault maps discovered:
D:1:      amcnicky_arrival_blooded_trapdoor, layout_loops_corners,
          dreamdust_ecumenical_altar_drowned_temple, serial_bayou_pond_e
D:2:      layout_basic
D:3:      wander_river, layout_basic,
          chequers_temple_overflow_statue_of_worship, minmay_divided_ellipse
D:4:      layout_rooms, hangedman_abyss_or_decor_stabs, uniq_edmund
D:5:      layout_gridville, mrwooster_statue_mirror, lemuel_old_faithful
D:6:      layout_loops_ring, minmay_temple_entry_nine_rooms
D:7:      layout_loops_ring, uniq_maggie

Skill      XL: |  1  2  3  4  5  6  7  8 |
---------------+-------------------------+-----
Transmutations | 3 4 5 6 |  6.9
Fighting       | 3 4 |  4.0
Unarmed Combat | 4 5 6 |  6.0
Ice Magic      | 2 4 |  4.0
Spellcasting   | 4 |  4.0
Dodging        | |  1.7

Action                   |  1- 3 |  4- 6 |  7- 9 || total
-------------------------+-------+-------+-------++-------
Melee: Unarmed           |   117 |   154 |   138 ||   409
       Kick              |    13 |       |       ||    13
       Tailslap          |     7 |     2 |     9 ||    18
       Headbutt          |     7 |     1 |       ||     8
       Punch             |     4 |     1 |     3 ||     8
 Cast: Beastly Appendage |    20 |     1 |       ||    21
       Spider Form       |       |    13 |     8 ||    21
       Ice Form          |       |       |     6 ||     6
  Use: Scroll            |       |     9 |     6 ||    15
 Stab: Sleeping          |     1 |       |     1 ||     2
       Paralysed         |       |     1 |     4 ||     5
       Distracted        |       |     1 |       ||     1
Armor: Skin              |    27 |    36 |    39 ||   102
Dodge: Dodged            |    77 |    88 |    97 ||   262
